 Dungeon Crawl Stone Soup version 0.23.2-1-ga50397a6bc (webtiles) character file.

Game seed: 1819627547683258087

126 Anathary the Ducker (level 4, -1/34 HPs)
             Began as a Demonspawn Gladiator on May 23, 2019.
             Hit by a stone thrown by an orc (2 damage)
             ... on level 3 of the Dungeon.
             The game lasted 00:11:42 (2091 turns).

Anathary the Ducker (Demonspawn Gladiator)          Turns: 2091, Time: 00:11:43

Health: -1/34      AC:  7    Str: 12 (15) XL:     4   Next: 83%
Magic:  4/4        EV: 10    Int:  8 (9)  God:
Gold:   57         SH:  0    Dex: 14 (15) Spells: 3/3 levels left

rFire    . . .     SeeInvis .   m - +3 dagger (flame)
rCold    + . .     Gourm    .   (no shield)
rNeg     . . .     Faith    .   j - +0 scale mail
rPois    .         Spirit   .   c - +0 helmet
rElec    .         Reflect  .   (no cloak)
rCorr    .         Harm     .   (no gloves)
MR       .....                  (no boots)
Stlth    ..........             (no amulet)
HPRegen  0.11/turn              (no ring)
MPRegen  0.09/turn              (no ring)

@: hasted, very quick
A: claws 1, cold resistance 1
a: no special abilities


You were on level 3 of the Dungeon.
You were not hungry.

You visited 1 branch of the dungeon, and saw 3 of its levels.

You collected 57 gold pieces.

Inventory:

Hand Weapons
 a - a +0 long sword
 m - a +3 dagger of flaming (weapon)
Missiles
 d - 3 throwing nets (quivered)
Armour
 b - a +0 leather armour
 c - a +0 helmet (worn)
 j - a +0 scale mail (worn)
Magical Staves
 p - an uncursed staff of conjuration {unknown}
Wands
 n - a wand of iceblast (8)
Scrolls
 g - a scroll of fog {unknown}
 h - a scroll of enchant weapon {unknown}
 i - a scroll of enchant armour {unknown}
 l - 5 scrolls of identify {unknown}
 o - a scroll of amnesia {unknown}
 q - a scroll of noise {unknown}
 r - a scroll of teleportation {unknown}
 s - a scroll of random uselessness {unknown}
 t - 2 scrolls of remove curse {unknown}
Potions
 k - 2 potions of haste
Comestibles
 f - 2 rations


   Skills:
 + Level 2.6 Fighting
 + Level 1.1(2.4) Short Blades
 + Level 3.3(3.4) Long Blades
 - Level 2.0 Throwing
 + Level 1.0 Armour
 + Level 3.6 Dodging
 + Level 0.1 Stealth


You had 3 spell levels left.
You didn't know any spells.
Your spell library was empty.

Dungeon Overview and Level Annotations

Branches:
Dungeon (3/15)

Altars:


Innate Abilities, Weirdness & Mutations

You have sharp fingernails.
Your flesh is cold resistant. (rC+)


Message History

3 jackals come into view.
The jackal barks! x3
You hit the jackal. You burn the jackal.
The jackal is heavily wounded.
The orc throws a stone.
The stone barely misses you.
The stone barely misses the jackal.
The jackal bites you but does no damage.
You hit the jackal. You burn the jackal.
You kill the jackal!
The orc throws a stone.
The stone misses you.
The stone closely misses the jackal.
It was a potion of degeneration.
There was something very wrong with that liquid.
You feel weakened.
You feel dopey.
You feel clumsy. The jackal closely misses you.
It was a potion of haste.
You feel yourself speed up.
The jackal bites you but does no damage.
A rat comes into view.
The orc throws a stone.
The stone hits you.
You die...

#. #[ ##. .. #.
#.######## ####
####..o.o.o.o ....r
#.....########......
+.....)(o(((@hh.....
##.#.....########......
#..............########
#..#########.......#
#........# #.......#
#...####.###.......#
#............#+#####
#...#..#####.#
##......# #.#


You could see an orc, 2 jackals and a rat.

Vanquished Creatures
  An orc priest (D:3)
  3 adders (D:2)
  2 worms (D:2)
  A dart slug (D:1)
  3 leopard geckos
  2 orcs (D:3)
  4 bats
  6 giant cockroaches
  6 goblins
  5 hobgoblins
  6 jackals (D:3)
  6 kobolds
  A quokka (D:3)
  A frilled lizard (D:2)
  5 rats
52 creatures vanquished.

Notes
Turn   | Place    | Note
-------+----------+-------------------------------------------
     0 | D:1      | Anathary the Demonspawn Gladiator began the quest for the
                  | Orb.
     0 | D:1      | Reached XP level 1. HP: 16/16 MP: 1/1
   372 | D:1      | Gained mutation: You have sharp fingernails. [demonic
                  | ancestry]
   372 | D:1      | Reached XP level 2. HP: 22/22 MP: 2/2
   935 | D:2      | Gained mutation: Your flesh is cold resistant. (rC+)
                  | [demonic ancestry]
   935 | D:2      | Reached XP level 3. HP: 28/28 MP: 3/3
  1543 | D:2      | Reached XP level 4. HP: 32/34 MP: 4/4
  1665 | D:2      | Noticed a phantom
  2075 | D:3      | HP: 1/34 [orc/+0 club (2)]
  2078 | D:3      | Reached skill level 1 in Short Blades
  2078 | D:3      | Reached skill level 1 in Armour
  2085 | D:3      | HP: 1/34 [orc/stone (1)]
  2091 | D:3      | Hit by a stone thrown by an orc

Skill      XL: |  1  2  3  4 |
---------------+-------------+-----
Throwing       | 2 |  2.0
Dodging        | 3 |  3.6
Long Blades    | 3 |  3.3
Short Blades   | 1 |  1.1
Armour         | 1 |  1.0
Fighting       | |  2.6
Stealth        | |  0.1

Action                   |  1- 3 |  4- 6 || total
-------------------------+-------+-------++-------
Melee: Long sword        |    68 |       ||    68
       Dagger            |    27 |    51 ||    78
  Use: Potion            |       |     2 ||     2
  Eat: Ration            |     1 |       ||     1
       Chunk             |     1 |       ||     1
Armor: Leather armour    |    15 |       ||    15
       Scale mail        |    23 |    20 ||    43
Dodge: Dodged            |    68 |    39 ||   107
       Rpst.: Long sword |    19 |       ||    19
